 Dungeon Crawl Stone Soup version 0.21-a0-272-g984ae92 (webtiles) character file.

18 tidbits the Grave Robber (level 2, 13/20 HPs)
             Began as a Draconian Necromancer on Sept 15, 2017.
             Quit the game on level 3 of the Dungeon.
             The game lasted 00:02:29 (309 turns).

tidbits the Grave Robber (Draconian Necromancer)     Turns: 309, Time: 00:02:30

Health: 13/20      AC:  4    Str:  7    XL:     2   Next: 51%
Magic:  3/5        EV: 12    Int: 15    God:
Gold:   9          SH:  0    Dex: 11    Spells: 3/5 levels left

rFire    . . .     SeeInvis .   a - +1 dagger (drain)
rCold    . . .     Gourm    .   (no shield)
rNeg     . . .     Faith    .   (armour unavailable)
rPois    .         Spirit   .   (helmet restricted)
rElec    .         Reflect  .   (no cloak)
rCorr    .         Harm     .   (no gloves)
MR       .....                  (no boots)
Stlth    ++........             (no amulet)
HPRegen  0.06/turn              d - -3 ring of strength (curse)
MPRegen  0.09/turn              (no ring)

@: no status effects
A: unfitting armour, cold-blooded, AC +4
a: no special abilities


You were on level 3 of the Dungeon.
You were not hungry.

You visited 1 branch of the dungeon, and saw 3 of its levels.

You collected 9 gold pieces.

Inventory:

Hand Weapons
 a - a +1 dagger of draining (weapon)
   (You found it on level 2 of the Dungeon)
 e - a +2 whip of venom
   (You found it on level 2 of the Dungeon)
 f - a +1 dagger of flaming
   (You took it off a kobold on level 2 of the Dungeon)
Missiles
 c - 20 arrows
 h - a stone (quivered)
Jewellery
 d - a cursed -3 ring of strength (left hand)
   (You found it on level 2 of the Dungeon)
Scrolls
 i - a scroll of remove curse
Books
 g - a book of Necromancy

   Spells                             Type                      Level
   a - Pain                           Necromancy                   1
   b - Animate Skeleton               Necromancy                   1
   c - Vampiric Draining              Necromancy                   3
   d - Regeneration                   Charms/Necromancy            3
   e - Animate Dead                   Necromancy                   4
   f - Control Undead                 Necromancy                   4
Comestibles
 b - a bread ration


   Skills:
 - Level 1.9 Dodging
 - Level 2.0 Stealth
 + Level 2.2 Spellcasting
 * Level 4.3 Necromancy


You had 3 spell levels left.
You knew the following spells:

 Your Spells              Type           Power        Failure   Level  Hunger
n - Animate Skeleton      Necr           N/A          3%          1    #......
z - Pain                  Necr           ##..         3%          1    #......


Dungeon Overview and Level Annotations

Branches:
Dungeon (3/15)

Altars:
Kikubaaqudgha


Innate Abilities, Weirdness & Mutations

Your plain brown scales are hard. (AC +4)
You cannot fit into any form of body armour.
You are cold-blooded and may be slowed by cold attacks.


Message History

Casting: Pain
Confirm with . or Enter, or press ? or * to list all spells.
Aiming: Pain
Press: ? - help, Shift-Dir - straight line, f/p - jackal
Aim: a jackal (chance to defeat MR: 83%)
The jackal writhes in agony!
Casting: Pain
Confirm with . or Enter, or press ? or * to list all spells.
You don't have enough magic to cast that spell.
You hit the jackal but do no damage.
The jackal is heavily wounded.
The jackal misses you.
You hit the jackal but do no damage.
The jackal is heavily wounded.
The jackal closely misses you.
You closely miss the jackal.
The jackal is heavily wounded.
The jackal closely misses you.
The jackal bites you but does no damage.
You hit the jackal.
You kill the jackal!
You hit the jackal. You drain the jackal!
You kill the jackal!
You hit the jackal.
You kill the jackal!
Your Stealth skill increases to level 2!
You have reached level 2!
An adder comes into view.
Casting: Pain
Confirm with . or Enter, or press ? or * to list all spells.
Aiming: Pain
Press: ? - help, Shift-Dir - straight line, f - adder
Aim: an adder (hasn't noticed you, chance to defeat MR: 79%)
The adder hisses angrily.
The adder writhes in agony!
Casting: Pain
Confirm with . or Enter, or press ? or * to list all spells.
You don't have enough magic to cast that spell.
You miss the adder.
The adder is moderately wounded.
The adder closely misses you.
You closely miss the adder.
The adder is moderately wounded.
The adder barely misses you.
You closely miss the adder.
The adder is moderately wounded.
The adder bites you. The adder barely misses you.
You barely miss the adder.
The adder is moderately wounded.
The adder barely misses you.
You miss the adder.
Your tail-slap misses the adder.
The adder is moderately wounded.
The adder closely misses you.
You hit the adder but do no damage. You drain the adder!
You tail-slap the adder.
The adder is severely wounded.
The adder bites you but does no damage.
You barely miss the adder.
The adder is severely wounded.
The adder bites you but does no damage. The adder misses you.
You closely miss the adder.
The adder is severely wounded.
The adder misses you.
You miss the adder.
The adder is severely wounded.
The adder bites you.
You hit the adder. You drain the adder!
You kill the adder!
Casting: Pain
Confirm with . or Enter, or press ? or * to list all spells.
Aiming: Pain
Press: ? - help, Shift-Dir - straight line, f - bat
Aim: a bat (chance to defeat MR: 85%)
The bat writhes in agony!
The bat misses you. The bat barely misses you. The bat barely misses you.
The bat completely misses you.
You barely miss the bat.
The bat is severely wounded.
The bat closely misses you.
You hit the bat.
You kill the bat!
Found a hand axe.
Found a bread ration.
Memorise Animate Skeleton, consuming 1 spell level and leaving 3?
You start memorising the spell.
You continue memorising.
You finish memorising.
Spell assigned to 'n'.
A dart slug comes into view.
A giant cockroach comes into view.
The dart slug launches a dart at you. The slug dart hits you!
Found a scroll of identify.
A frilled lizard comes into view.
Found a bread ration and a viscous cyan potion.
The dart slug misses you. The giant cockroach closely misses you.
The giant cockroach barely misses you. The giant cockroach closely misses you.
You see here a scroll of identify.
As you read the scroll of identify, it crumbles to dust.
e - a +2 whip of venom The giant cockroach barely misses you.
Are you sure you want to abandon this character and quit the game? (Confirm with "yes".)

### .. ###.#####
#..!....#
#...@...+
#...s..%#####
###+#w....... #
#..#######
#.#.........
#.....######
###.....+
.........######
......#........#


You could see a dart slug and a giant cockroach.

Vanquished Creatures
  An adder (D:3)
  3 jackals (D:3)
  A bat (D:3)
  2 goblins
  2 kobolds
  A rat (D:2)
10 creatures vanquished.

Notes
Turn   | Place    | Note
-------+----------+-------------------------------------------
     0 | D:1      | tidbits the Draconian Necromancer began the quest for the Orb.
     0 | D:1      | Reached XP level 1. HP: 14/14 MP: 3/3
    88 | D:2      | Found an ancient bone altar of Kikubaaqudgha.
   260 | D:3      | Reached skill level 2 in Stealth
   260 | D:3      | Reached XP level 2. HP: 17/20 MP: 0/5
   297 | D:3      | Learned a level 1 spell: Animate Skeleton
   309 | D:3      | Quit the game

Vault maps used:
D:1:      elethiomel_arrival_maze
D:2:      evilmike_ruin_ashenzari, nicolae_overflow_crystal_walls
D:3:      tgw_sif, first_bread

Skill      XL: |  1 |
---------------+----+-----
Stealth        | 2 |  2.0
Dodging        | |  1.9
Spellcasting   | |  2.2
Necromancy     | |  4.3

Action                   || total
-------------------------++-------
Melee: Dagger            ||    20
       Tailslap          ||     1
 Cast: Pain              ||    11
  Use: Scroll            ||     3
Armor: Skin              ||     4
Dodge: Dodged            ||    21

Table legend:
 A = Spawn XP
 B = Non-spawn XP
 C = Spawn XP percentage of total XP
 D = Spawn monster count
 E = Non-spawn monster count
 F = Spawn count percentage of total count
 G = Total turns spent on level
                    A         B        C        D         E        F      G
               +---------+---------+-------+---------+---------+-------+---------
         Total |       0 |      27 |   0.0 |       0 |      10 |   0.0 |   309
               +---------+---------+-------+---------+---------+-------+---------
           D:1 |       0 |       2 |   0.0 |       0 |       2 |   0.0 |    65
           D:2 |       0 |       2 |   0.0 |       0 |       2 |   0.0 |    86
           D:3 |       0 |      23 |   0.0 |       0 |       6 |   0.0 |   158
               +---------+---------+-------+---------+---------+-------+---------

Table legend:
 A = Turns spent in this place as a percentage of turns spent in the entire game.
 B = Non-inter-level travel turns spent in this place as a percentage of non-inter-level travel turns spent in the entire game.
 C = Inter-level travel turns spent in this place as a percentage of turns spent in this place.
 D = Turns resting spent in this place as a percentage of non-inter-level travel turns spent in this place.
 E = Turns spent auto-exploring this place as a percentage of non-inter-level travel turns spent in this place.
 F = Non-inter-level travel turns spent in this place divided by the number of levels of this place that you've seen.
                   A       B       C       D       E      F
               +-------+-------+-------+-------+-------+----------------------
         Total | 100.0 | 100.0 |   0.0 |   0.0 |   0.0 | 103.0
       Dungeon | 100.0 | 100.0 |   0.0 |   0.0 |   0.0 | 103.0
               +-------+-------+-------+-------+-------+----------------------

Table legend:
 A = Kills in this place as a percentage of kills in entire the game.
 B = Kills by you in this place as a percentage of kills by you in the entire game.
 C = Kills by friends in this place as a percentage of kills by friends in the entire game.
 D = Other kills in this place as a percentage of other kills in the entire game.
 E = Experience gained in this place as a percentage of experience gained in the entire game.
 F = Experience gained in this place divided by the number of levels of this place that you have seen.
                   A       B       C       D       E      F
               +-------+-------+-------+-------+-------+----------------------
         Total | 100.0 | 100.0 |   N/A |   N/A | 100.0 |   9.0
       Dungeon | 100.0 | 100.0 |   N/A |   N/A | 100.0 |   9.0
               +-------+-------+-------+-------+-------+----------------------

Vault maps used:
D:1:      elethiomel_arrival_maze
D:2:      evilmike_ruin_ashenzari, nicolae_overflow_crystal_walls
D:3:      tgw_sif, first_bread
